General information
- name: BNet
- type: Ladder 1vs1/FFA
- host: Battle.net
- saver: Lovefool
map: TurtleRock
- players: 2
- length: 14:11
- speed: Fast
- version: 1.23 W3XP
- replay type: Public
» download(48 KB)
Players
team 1 (loser)
TsariK777 (
blue | 84 APM | 1197 actions | 14:10)
3 Archmage
2 Summon Water Elemental
1 Brilliance Aura
2 Mountain King
1 Storm Bolt
1 Thunder Clap
» actions
| Assign group hotkey | 44 | |
| Basic commands | 76 | |
| Build / train | 60 | |
| Enter build submenu | 14 | |
| Enter hero's abilities submenu | 6 | |
| Give item / drop item | 1 | |
| Remove unit from queue | 1 | |
| Right click | 451 | |
| Select / deselect | 167 | |
| Select group hotkey | 330 | |
| Use ability | 47 | |
1197 total
» units
| Peasant | 9 | |
| Footman | 7 | |
| Rifleman | 12 | |
| Sorceress | 5 | |
| Priest | 3 | |
| Mortar Team | 2 | |
38 total
» upgrades
» buildings
| Altar of Kings | 1 | |
| Barracks | 1 | |
| Farm | 6 | |
| Scout Tower | 1 | |
| Arcane Tower | 1 | |
| Keep | 2 | |
| Blacksmith | 1 | |
| Arcane Vault | 1 | |
| Arcane Sanctum | 1 | |
| Workshop | 1 | |
16 total
» build order
00:05 Altar of Kings
00:22 Barracks
00:35 Farm
00:50 Farm
01:31 Scout Tower
01:57 Arcane Tower
02:18 Farm
03:08 Farm
03:49 Keep
03:49 Keep
03:50 Blacksmith
03:55 Farm
03:58 Arcane Vault
05:40 Farm
06:27 Arcane Sanctum
10:18 Workshop
» items
| Scroll of Regeneration | 4 | |
| Scroll of Town Portal | 1 | |
5 total
team 2 (winner)
Lovefool (
purple | 90 APM | 1271 actions | 14:11)
5 Blademaster
2 Wind Walk
3 Critical Strike
3 Dark Ranger
1 Black Arrow
2 Silence
» actions
| Assign group hotkey | 35 | |
| Basic commands | 81 | |
| Build / train | 42 | |
| Enter build submenu | 14 | |
| Enter hero's abilities submenu | 8 | |
| Give item / drop item | 4 | |
| Right click | 695 | |
| Select / deselect | 204 | |
| Select group hotkey | 124 | |
| Use ability | 64 | |
1271 total
» units
» upgrades
| Berserker Strength | 1 | |
| Burning Oil | 1 | |
2 total
» buildings
| Altar of Storms | 1 | |
| Orc Burrow | 5 | |
| Barracks | 2 | |
| Voodoo Lounge | 1 | |
| Stronghold | 1 | |
| War Mill | 1 | |
| Fortress | 1 | |
| Watch Tower | 1 | |
| Tauren Totem | 1 | |
14 total
» build order
00:08 Altar of Storms
00:13 Orc Burrow
00:28 Barracks
01:48 Orc Burrow
02:06 Voodoo Lounge
03:09 Stronghold
03:21 War Mill
04:41 Orc Burrow
04:48 Barracks
05:15 Orc Burrow
08:21 Fortress
08:35 Watch Tower
12:23 Tauren Totem
13:13 Orc Burrow
» items
| Boots of Speed | 1 | |
| Staff of Teleportation | 1 | |
| Healing Salve | 3 | |
| Lesser Clarity Potion | 2 | |
| Potion of Mana | 1 | |
| Scroll of Healing | 1 | |
9 total
Chat log
(04:21 / All) TsariK777: beach!!
(04:25 / All) Lovefool: shi
(04:31 / All) TsariK777: соси чмо
(12:32 / All) TsariK777: шлюха